 Dungeon Crawl Stone Soup version 0.25-a0-663-gace7076f2c (webtiles) character file.

Game seed: 1834250113164979149, levelgen mode: deterministic

3 nono the Chucker (level 1, 0/11 HPs)
             Began as a Vine Stalker Hunter on Mar 24, 2020.
             Slain by a bat (1 damage)
             ... on level 1 of the Dungeon.
             The game lasted 00:00:58 (122 turns).

nono the Chucker (Vine Stalker Hunter)               Turns: 122, Time: 00:00:59

Health: 0/11       AC:  8    Str: 14    XL:     1   Next: 50%
Magic:  0/2        EV:  9    Int: 11    God:
Gold:   10         SH:  0    Dex: 14    Spells: 0/0 levels left

rFire    . . .     SeeInvis .   a - +0 short sword
rCold    + . .     Gourm    .   (no shield)
rNeg     . . .     Faith    .   e - +1 scale mail {rC+}
rPois    .         Spirit   +   (no helmet)
rElec    .         Reflect  .   (no cloak)
rCorr    .         Harm     .   (no gloves)
MR       .....                  g - +0 pair of boots
Stlth    ..........             (no amulet)
HPRegen  0.03/turn              (no ring)
MPRegen  0.08/turn              (no ring)

@: no status effects
A: fangs 2, magic shield, antimagic bite, no potion heal 3, rot immunity
a: no special abilities


You were on level 1 of the Dungeon.
You were not hungry.

You visited 1 branch of the dungeon, and saw 1 of its levels.

You collected 10 gold pieces.

Inventory:

Hand Weapons
 a - a +0 short sword (weapon)
Missiles
 c - 4 javelins (quivered)
 d - 2 throwing nets
Armour
 b - a +0 leather armour
 e - a +1 scale mail of cold resistance (worn)
 g - a +0 pair of boots (worn)
Scrolls
 h - a scroll of magic mapping {unknown}
 j - a scroll of fear {unknown}
Potions
 i - a potion of haste {unknown}
Comestibles
 f - 2 rations


   Skills:
 + Level 1.9 Fighting
 + Level 0.2 Short Blades
 - Level 3.6 Throwing
 + Level 0.2 Armour
 - Level 1.5 Dodging
 - Level 1.2 Stealth


You couldn't memorise any spells.
You didn't know any spells.
Your spell library was empty.

Dungeon Overview and Level Annotations

Branches:
Dungeon (1/15)

Altars:


Innate Abilities, Weirdness & Mutations

You have extremely sharp teeth.
When hurt, damage is shared between your health and your magic reserves.
Your bite disrupts and absorbs the magic of your enemies.
Potions cannot restore your health.
You are immune to rotting.


Message History

The gnoll is severely wounded.
The gnoll hits you with a +0 mace.
* * * LOW HITPOINT WARNING * * *
You see here 15 sling bullets.
Found a ration.
The bat hits you but does no damage.
Throwing (i - inventory. (/) - cycle)
c - 6 javelins (quivered)
Press: ? - help, Shift-Dir - straight line, f - bat
Aim: a bat You throw a javelin.
The javelin barely misses the bat.
The bat completely misses you. The gnoll hits you but does no damage.
Throwing (i - inventory. (/) - cycle)
c - 5 javelins (quivered)
Press: ? - help, Shift-Dir - straight line, f - gnoll, p - bat
Aim: a gnoll, wielding a +0 mace (severely wounded)
You throw a javelin. The javelin barely misses the gnoll.
The bat closely misses you. The bat hits you but does no damage.
The bat barely misses you. The gnoll hits you but does no damage.
The bat barely misses you. The bat hits you.
You die...

##.##........... ###
##.....##........
.......#†##.##.#######
.....#.#(##.##.....##
.....#.#.##.######..#
.....#.#.##.# ##.#
.(...%.g.##. #.# .........#
#.# #######.@.# .# #.#
..#.#.....#..b# .# ###.####
..........#...# .# #.......
#####...#...##.# #.......
#..<#...#.###..# #.......
#.#.....#.###.######.......
#.#####.#.#.......)........
#.....#.#...#.######.......
#...#>..#..##.# #.......


You could see a gnoll and a bat.

Vanquished Creatures
  A giant cockroach (D:1)
  A goblin (D:1)
  A rat (D:1)
3 creatures vanquished.

Notes
Turn   | Place    | Note
-------+----------+-------------------------------------------
     0 | D:1      | nono the Vine Stalker Hunter began the quest for the Orb.
     0 | D:1      | Reached XP level 1. HP: 11/11 MP: 2/2
   122 | D:1      | Slain by a bat

Levels and vault maps discovered:
D:1:      ebering_trefoil_twist, layout_rooms, chequers_decorated_corner,
          minmay_misc_feat_x

Action                   || total
-------------------------++-------
Melee: Short sword       ||    12
       Bite              ||     2
Throw: Javelin           ||     2
Armor: Scale mail        ||     9
Dodge: Dodged            ||     8

Table legend:
 A = Non-vault XP
 B = Vault XP
 C = Vault XP percentage of total XP
 D = Non-vault monster count
 E = Vault monster count
 F = Vault count percentage of total count
                 A         B        C        D         E       F
            +---------+---------+-------+---------+---------+-------
      Total |       5 |       0 |   0.0 |       3 |       0 |   0.0
            +---------+---------+-------+---------+---------+-------
        D:1 |       5 |       0 |   0.0 |       3 |       0 |   0.0
            +---------+---------+-------+---------+---------+-------
